 Dungeon Crawl Stone Soup version 0.23-a0-703-gdf2d5e0 (webtiles) character file.

189 JeffiDaFish the Covered (level 5, 0/33 HPs)
             Began as a Gargoyle Fighter on Jan 11, 2019.
             Slain by Duvessa
             ... wielding a +0 short sword
              (6 damage)
             ... on level 4 of the Dungeon on Jan 14, 2019.
             The game lasted 00:05:10 (2785 turns).

JeffiDaFish the Covered (Gargoyle Fighter)          Turns: 2785, Time: 00:05:11

Health: 0/33       AC: 11    Str: 24 (25) XL:     5   Next: 68%
Magic:  5/5        EV:  7    Int:  9      God:
Gold:   143        SH: 10    Dex:  9      Spells: 4/4 levels left

rFire    . . .     SeeInvis .   a - +1 flail
rCold    . . .     Gourm    .   c - +0 shield
rNeg     + . .     Faith    .   b - +0 scale mail
rPois    ∞         Spirit   .   (no helmet)
rElec    +         Reflect  .   (no cloak)
rCorr    .         Harm     .   (no gloves)
MR       .....                  (no boots)
Stlth    ..........             (no amulet)
HPRegen  0.11/turn              (no ring)
MPRegen  0.09/turn              (no ring)

@: mighty
A: negative energy resistance 1, electricity resistance, wild magic 1,
unbreathing, petrification resistance, rot immunity, MP-powered wands, AC +4
a: no special abilities


You were on level 4 of the Dungeon.
You were not hungry.

You visited 1 branch of the dungeon, and saw 4 of its levels.

You collected 143 gold pieces.

Inventory:

Hand Weapons
 a - a +1 flail (weapon)
Armour
 b - a +0 scale mail (worn)
 c - a +0 shield (worn)
Scrolls
 e - a scroll of magic mapping
 h - 5 scrolls of identify
 i - 3 scrolls of remove curse
 j - a scroll of fog
 k - a scroll of enchant weapon
 l - 4 scrolls of teleportation
Potions
 d - a potion of might
Comestibles
 f - 9 rations


   Skills:
 + Level 4.0 Fighting
 + Level 3.0 Maces & Flails
 * Level 4.7 Armour
 * Level 4.7 Shields


You had 4 spell levels left.
You didn't know any spells.
Your spell library was empty.

Dungeon Overview and Level Annotations

Branches:
Dungeon (4/15)
 Temple: D:4-7

Altars:

Annotations:
D:4 Duvessa


Innate Abilities, Weirdness & Mutations

You are resistant to torment.
Your stone body is resilient. (AC +4)
You are immune to poison.
You resist negative energy. (rN+)
You are resistant to electric shocks. (rElec)
You can survive without breathing.
You are immune to petrification.
You are immune to rotting.
Your spells are a little harder to cast, but a little more powerful.
You expend magic power (3 MP) to strengthen your wands.


Message History

Duvessa closely misses you.
You hit Duvessa.
Duvessa is lightly wounded.
Duvessa hits you but does no damage. You block Duvessa's attack.
Your shield and scale mail prevent you from hitting Duvessa.
Duvessa is lightly wounded.
You block Duvessa's attack. Duvessa hits you with a +0 short sword.
You barely miss Duvessa.
Duvessa is lightly wounded.
Duvessa barely misses you. Duvessa hits you but does no damage.
Your shield and scale mail prevent you from hitting Duvessa.
Duvessa is lightly wounded.
Duvessa hits you with a +0 short sword!
* * * LOW HITPOINT WARNING * * *
You block Duvessa's attack.
Your shield prevents you from hitting Duvessa.
Duvessa is lightly wounded.
Duvessa is no longer berserk.
You block Duvessa's attack. Duvessa hits you with a +0 short sword.
You die...

#.....
#....##
#..$..
#....##
#....<#
#.....#
#h....#
#e#!..e
#@#.#..
#.#.....
#.##.#..
### #.#
. ##.
#<# #.#
#.# #.#
#.# #.#
#.# #.#
#.# #.#


You could see Duvessa and a hound.

Vanquished Creatures
  Dowan (D:4)
  A hound (D:4)
  A gnoll (D:1)
  3 adders
  2 worms
  2 dart slugs
  2 leopard geckos
  7 orcs (D:3)
  8 bats
  2 giant cockroaches
  4 hobgoblins
  4 jackals (D:3)
  A quokka (D:2)
  A ball python (D:1)
  7 frilled lizards
  7 goblins
  4 kobolds
  3 rats
60 creatures vanquished.

Notes
Turn   | Place    | Note
-------+----------+-------------------------------------------
     0 | D:1      | JeffiDaFish the Gargoyle Fighter began the quest for the
                  | Orb.
     0 | D:1      | Reached XP level 1. HP: 14/14 MP: 1/1
   195 | D:1      | Reached XP level 2. HP: 9/19 MP: 2/2
   570 | D:1      | Reached XP level 3. HP: 22/23 MP: 3/3
  1073 | D:2      | Found a faded altar of an unknown god.
  1472 | D:2      | Gained mutation: Your spells are a little harder to cast,
                  | but a little more powerful. [potion of mutation]
  1472 | D:2      | Gained mutation: You expend magic power (3 MP) to
                  | strengthen your wands. [potion of mutation]
  1531 | D:2      | Upgraded the game from 0.23-a0-681-g26ad783 to
                  | 0.23-a0-703-gdf2d5e0
  1540 | D:2      | Reached XP level 4. HP: 28/28 MP: 4/4
  2543 | D:4      | Noticed Duvessa
  2545 | D:4      | Noticed Dowan
  2617 | D:4      | Killed Dowan
  2617 | D:4      | Reached XP level 5. HP: 18/33 MP: 5/5
  2785 | D:4      | Slain by Duvessa

Vault maps used:
D:1:      kennysheep_arrival_seaside
D:2:      chequers_ecumenical_altar_simple_redux, kennysheep_decorative_pillar,
          minmay_box_of_dots
D:4:      lemuel_crystal_altar, first_ration, chequers_avenue, uniq_duvessa

Skill      XL: |  1  2  3  4  5 |
---------------+----------------+-----
Armour         | 4 |  4.7
Shields        | 4 |  4.7
Fighting       | 4 |  4.0
Maces & Flails | 3 |  3.0

Action                   |  1- 3 |  4- 6 || total
-------------------------+-------+-------++-------
Melee: Flail             |   130 |    95 ||   225
  Use: Scroll            |     6 |     1 ||     7
       Potion            |     3 |     2 ||     5
  Eat: Chunk             |     2 |     4 ||     6
Armor: Scale mail        |    70 |    54 ||   124
Dodge: Dodged            |    44 |    40 ||    84
Block: Shield            |    72 |    44 ||   116

Table legend:
 A = Non-vault XP
 B = Vault XP
 C = Vault XP percentage of total XP
 D = Non-vault monster count
 E = Vault monster count
 F = Vault count percentage of total count
                 A         B        C        D         E       F
            +---------+---------+-------+---------+---------+-------
      Total |     198 |      73 |  26.9 |      55 |       5 |   8.3
            +---------+---------+-------+---------+---------+-------
        D:1 |      43 |       0 |   0.0 |      19 |       0 |   0.0
        D:2 |      43 |       6 |  12.2 |      15 |       4 |  21.1
        D:3 |      70 |       0 |   0.0 |      20 |       0 |   0.0
        D:4 |      42 |      67 |  61.5 |       1 |       1 |  50.0
            +---------+---------+-------+---------+---------+-------
